3AAA
HIALEAH DODOS @ HAMILTON COYOTES
08/29/2028
 
TOP OF THE 1ST
Hialeah Dodos batting - Pitching for Hamilton Coyotes : RHP King Fletcher
Pitching: RHP King Fletcher
Batting: RHB Jorge Salgado 0-0: Ball
1-0: Swinging Strike
1-1: Ball
2-1: Ball
3-1: Base on Balls
Batting: SHB Luis Manuel Flores 0-0: Ball
1-0: Called Strike
1-1: Ball
2-1: Foul Ball, location: 2F
2-2: Ball
3-2: Ground out 4-3 (Groundball, 34)
Jorge Salgado to second
Batting: RHB Lorenzo Ramírez 0-0: Called Strike
0-1: Foul Ball, location: 2F
0-2: Ground out 5-3 (Groundball, 5)
Batting: LHB Scott Janousek 0-0: Ball
1-0: Ball
2-0: Ball
3-0: Base on Balls
Batting: LHB Errol Levick 0-0: Ball
1-0: Fly out, F7 (Flyball, 78S)
Top of the 1st over - 0 run(s), 0 hit(s), 0 error(s), 2 left on base; Hialeah 0 - Hamilton 0
BOTTOM OF THE 1ST
Hamilton Coyotes batting - Pitching for Hialeah Dodos : RHP Benny York
Pitching: RHP Benny York
Batting: RHB Juanito González 0-0: Ball
1-0: Ball
2-0: Foul Ball, location: 2F
2-1: SINGLE (Line Drive, 78S)
Batting: RHB Rodrigo Pagán 0-0: Ball
Throwing error on steal attempt, E2
Juanito González to third
1-0: Ball
2-0: Swinging Strike
2-1: Ground out 5-3 (Groundball, 5)
Batting: RHB Noel Wells 0-0: Ball
1-0: Ball
2-0: Called Strike
2-1: Foul Ball, location: 2F
2-2: Foul Ball, location: 2F
2-2: Foul Ball, location: 2F
Balk!
Juanito González scores
2-2: Ground out 6-3 (Groundball, 6)
Batting: RHB Jeffery Campbell 0-0: Ball
1-0: Ball
2-0: Foul Ball, location: 2F
2-1: Ground out 6-3 (Groundball, 6)
Bottom of the 1st over - 1 run(s), 1 hit(s), 1 error(s), 0 left on base; Hialeah 0 - Hamilton 1
TOP OF THE 2ND
Hialeah Dodos batting - Pitching for Hamilton Coyotes : RHP King Fletcher
Batting: RHB Aurelio Álvarez 0-0: Fly out, F9 (Line Drive, 9LM)
Batting: RHB Zander Bailey 0-0: Ball
1-0: Swinging Strike
1-1: Ball
2-1: SINGLE (Line Drive, 7S)
Batting: RHB Stephen McManus 0-0: Ball
1-0: SINGLE (Line Drive, 6M)
Zander Bailey to second
Zander Bailey to third
Batting: RHB Gerardo Espinoza 0-0: Ball
1-0: Foul Ball, location: 2F
1-1: Ball
2-1: Foul Ball, location: 2F
2-2: SINGLE (Flyball, 9S)
Zander Bailey scores
Stephen McManus to second
Runner from 2nd tries for 3rd, SAFE, throw made to third
Gerardo Espinoza to second
Batting: RHB Jorge Salgado 0-0: Ball
1-0: Foul Ball, location: 2F
1-1: Ball
2-1: Called Strike
2-2: SINGLE (Line Drive, 8LS)
Stephen McManus scores
Gerardo Espinoza to third
Runner from 3rd tries for Home, SAFE, no throw
Batting: SHB Luis Manuel Flores 0-0: Called Strike
0-1: Called Strike
0-2: Ball
1-2: SINGLE (Line Drive, 89S)
Jorge Salgado to second
Jorge Salgado to third
Batting: RHB Lorenzo Ramírez 0-0: Called Strike
0-1: Fielders Choice at 2nd, 1-4 (Groundball, 15S)
Batting: LHB Scott Janousek 0-0: Ball
1-0: Foul Ball, location: 2F
1-1: Called Strike
1-2: SINGLE (Flyball, 8LS)
Jorge Salgado scores
Lorenzo Ramírez to second
Batting: LHB Errol Levick 0-0: Ball
1-0: Called Strike
1-1: Called Strike
1-2: Foul Ball, location: 2F
1-2: Foul Ball, location: 2F
1-2: Ball
2-2: Fielders Choice at 2nd, 4-6 (Groundball, 4)
Top of the 2nd over - 4 run(s), 6 hit(s), 0 error(s), 1 left on base; Hialeah 4 - Hamilton 1
BOTTOM OF THE 2ND
Hamilton Coyotes batting - Pitching for Hialeah Dodos : RHP Benny York
Batting: LHB Andrés Chávez 0-0: Called Strike
0-1: Ball
1-1: Fly out, F8 (Flyball, 8RM)
Batting: SHB Al Anderson 0-0: Called Strike
0-1: Ball
1-1: Ball
2-1: SINGLE (Groundball, 6MD)
Batting: RHB Robbie Roach 0-0: Called Strike
0-1: Foul Ball, location: 2F
0-2: Ball
1-2: Foul Ball, location: 2F
1-2: SINGLE (Groundball, 4MD)
Al Anderson to second
Batting: RHB Elia Amberezzio 0-0: Ball
1-0: Ball
2-0: Foul Ball, location: 2F
2-1: Foul Ball, location: 2F
2-2: Foul Ball, location: 2F
2-2: Hit by Pitch
Al Anderson to third
Robbie Roach to second
Batting: LHB Ruben Yim 0-0: Fly out, F8 (Flyball, 8RXD)
Runner from 3rd tags up, SCORES, no throw
Batting: RHB Juanito González 0-0: Foul Ball, location: 2F
0-1: Called Strike
0-2: Ball
1-2: Foul Ball, location: 2F
1-2: Fly out, F6 (Line Drive, 56)
Bottom of the 2nd over - 1 run(s), 2 hit(s), 0 error(s), 2 left on base; Hialeah 4 - Hamilton 2
TOP OF THE 3RD
Hialeah Dodos batting - Pitching for Hamilton Coyotes : RHP King Fletcher
Batting: RHB Aurelio Álvarez 0-0: Foul Ball, location: 2F
0-1: Ball
1-1: Reached on error, E1 (Groundball, 13S)
Batting: RHB Zander Bailey 0-0: Ball
1-0: Ball
2-0: Foul Ball, location: 2F
2-1: Foul Ball, location: 2F
2-2: Foul Ball, location: 2F
2-2: Ball
3-2: SINGLE (Flyball, 78S)
Aurelio Álvarez to second
Aurelio Álvarez to third
Batting: RHB Stephen McManus 0-0: Ball
1-0: Ball
2-0: Called Strike
2-1: Grounds into double play, 4-6-3 (Groundball, 4)
Aurelio Álvarez scores
Batting: RHB Gerardo Espinoza 0-0: Called Strike
0-1: Swinging Strike
0-2: Strikes out swinging
Top of the 3rd over - 1 run(s), 1 hit(s), 1 error(s), 0 left on base; Hialeah 5 - Hamilton 2
BOTTOM OF THE 3RD
Hamilton Coyotes batting - Pitching for Hialeah Dodos : RHP Benny York
Batting: RHB Rodrigo Pagán 0-0: Called Strike
0-1: Bunt missed!
0-2: Ball
1-2: Ground out 6-3 (Groundball, 6M)
Batting: RHB Noel Wells 0-0: Ball
1-0: Ball
2-0: Called Strike
2-1: Foul Ball, location: 2F
2-2: SOLO HOME RUN (Flyball, 7LD), Distance : 354 ft
Batting: RHB Jeffery Campbell 0-0: Ball
1-0: SOLO HOME RUN (Flyball, 7LD), Distance : 361 ft
Batting: LHB Andrés Chávez 0-0: Called Strike
0-1: Foul Ball, location: 2F
0-2: Ball
1-2: SOLO HOME RUN (Flyball, 9LD), Distance : 341 ft
Batting: SHB Al Anderson 0-0: Swinging Strike
0-1: Called Strike
0-2: Ball
1-2: Foul Ball, location: 2F
1-2: Ball
2-2: Ball
3-2: SINGLE (Line Drive, 9LS)
Batting: RHB Robbie Roach 0-0: Foul Ball, location: 2F
0-1: Foul Ball, location: 2F
0-2: Ball
1-2: Foul Ball, location: 2F
1-2: Fly out, F7 (Flyball, 7LSF)
Batting: RHB Elia Amberezzio 0-0: Ball
1-0: Ground out 4-3 (Groundball, 4S)
Bottom of the 3rd over - 3 run(s), 4 hit(s), 0 error(s), 1 left on base; Hialeah 5 - Hamilton 5
TOP OF THE 4TH
Hialeah Dodos batting - Pitching for Hamilton Coyotes : RHP King Fletcher
Batting: RHB Jorge Salgado 0-0: Called Strike
0-1: Ball
1-1: Foul Ball, location: 2F
1-2: SINGLE (Line Drive, 89S)
Batting: SHB Luis Manuel Flores 0-0: Ball
1-0: Ground out U3 (Groundball, 3L)
Jorge Salgado to second
Batting: RHB Lorenzo Ramírez 0-0: Ground out 4-3 (Groundball, 4S)
Jorge Salgado to third
Batting: LHB Scott Janousek 0-0: Ball
1-0: Called Strike
1-1: Foul Ball, location: 2F
1-2: Ball
2-2: Strikes out swinging
Top of the 4th over - 0 run(s), 1 hit(s), 0 error(s), 1 left on base; Hialeah 5 - Hamilton 5
BOTTOM OF THE 4TH
Hamilton Coyotes batting - Pitching for Hialeah Dodos : RHP Benny York
Batting: LHB Ruben Yim 0-0: Ball
1-0: Ball
2-0: Ball
3-0: Base on Balls
Batting: RHB Juanito González 0-0: Called Strike
0-1: Ground out 6-3 (Groundball, 6S)
Ruben Yim to second
Batting: RHB Rodrigo Pagán 0-0: Ball
1-0: Called Strike
1-1: Called Strike
1-2: Ground out 3-1 (Groundball, 34S)
Ruben Yim to third
Batting: RHB Noel Wells 0-0: Ball
1-0: Called Strike
1-1: Ball
2-1: Foul Ball, location: 2F
2-2: Fly out, F5 (Popup, 5S)
Bottom of the 4th over - 0 run(s), 0 hit(s), 0 error(s), 1 left on base; Hialeah 5 - Hamilton 5
TOP OF THE 5TH
Hialeah Dodos batting - Pitching for Hamilton Coyotes : RHP King Fletcher
Batting: LHB Errol Levick 0-0: Ground out U3 (Groundball, 3S)
Batting: RHB Aurelio Álvarez 0-0: Called Strike
0-1: Foul Ball, location: 2F
0-2: Foul Ball, location: 2F
0-2: Ball
1-2: Ground out 6-3 (Groundball, 6)
Batting: RHB Zander Bailey 0-0: Ground out 6-3 (Groundball, 6)
Top of the 5th over - 0 run(s), 0 hit(s), 0 error(s), 0 left on base; Hialeah 5 - Hamilton 5
BOTTOM OF THE 5TH
Hamilton Coyotes batting - Pitching for Hialeah Dodos : RHP Benny York
Batting: RHB Jeffery Campbell 0-0: Foul Ball, location: 2F
0-1: Ball
1-1: Fly out, F9 (Flyball, 9)
Batting: LHB Andrés Chávez 0-0: Ball
1-0: Fly out, F9 (Flyball, 9LS)
Batting: SHB Al Anderson 0-0: Fly out, F8 (Flyball, 78M)
Bottom of the 5th over - 0 run(s), 0 hit(s), 0 error(s), 0 left on base; Hialeah 5 - Hamilton 5
TOP OF THE 6TH
Hialeah Dodos batting - Pitching for Hamilton Coyotes : RHP King Fletcher
Batting: RHB Stephen McManus 0-0: Foul Ball, location: 2F
0-1: DOUBLE (Line Drive, 7D)
Batting: RHB Gerardo Espinoza 0-0: Bunted foul
0-1: Ball
1-1: Sac Bunt - play at first, batter OUT! 5-4
Stephen McManus to third
Batting: RHB Jorge Salgado 0-0: SINGLE (Line Drive, 4MD)
Stephen McManus scores
Batting: SHB Luis Manuel Flores 0-0: Ball
Jorge Salgado steals 2nd base
1-0: Called Strike
Jorge Salgado is caught stealing 3rd base
1-1: Ground out U3 (Groundball, 3L)
Top of the 6th over - 1 run(s), 2 hit(s), 0 error(s), 0 left on base; Hialeah 6 - Hamilton 5
BOTTOM OF THE 6TH
Hamilton Coyotes batting - Pitching for Hialeah Dodos : RHP Benny York
Batting: RHB Robbie Roach 0-0: Ball
1-0: Ground out 6-3 (Groundball, 56)
Batting: RHB Elia Amberezzio 0-0: Ground out 4-3 (Groundball, 4)
Batting: LHB Ruben Yim 0-0: Ball
1-0: Ball
2-0: Foul Ball, location: 2F
2-1: Swinging Strike
2-2: Ball
3-2: Base on Balls
Batting: RHB Juanito González 0-0: Ball
Ruben Yim steals 2nd base
Balk!
Ruben Yim to third
1-0: Called Strike
1-1: Ball
2-1: Swinging Strike
2-2: Strikes out swinging, 2-3 out at first.
Bottom of the 6th over - 0 run(s), 0 hit(s), 0 error(s), 1 left on base; Hialeah 6 - Hamilton 5
TOP OF THE 7TH
Hialeah Dodos batting - Pitching for Hamilton Coyotes : RHP King Fletcher
Batting: RHB Lorenzo Ramírez 0-0: Called Strike
0-1: Called Strike
0-2: SINGLE (Flyball, 9S)
Batting: LHB Scott Janousek 0-0: Called Strike
0-1: Ball
1-1: Called Strike
1-2: Foul Ball, location: 2F
1-2: Fielders Choice at 2nd, 3-6 (Groundball, 34)
Batting: LHB Errol Levick 0-0: Ball
Scott Janousek is caught stealing 2nd base
1-0: Foul Ball, location: 2F
1-1: Ball
2-1: Ball
3-1: Foul Ball, location: 2F
3-2: Foul Ball, location: 2F
3-2: Foul Ball, location: 2F
3-2: SINGLE (Flyball, 89S)
Pinch Hitting: SHB Javier Gonzáles 0-0: Foul Ball, location: 2F
0-1: Ball
1-1: Ball
2-1: Foul Ball, location: 2F
2-2: Ball
3-2: SINGLE (Groundball, 2L) (infield hit)
Errol Levick to second
Pinch Hitting: LHB Curt Wilson 0-0: Ground out 3-1 (Groundball, 34S)
Top of the 7th over - 0 run(s), 3 hit(s), 0 error(s), 2 left on base; Hialeah 6 - Hamilton 5
BOTTOM OF THE 7TH
Hamilton Coyotes batting - Pitching for Hialeah Dodos : RHP Benny York
Now at SS: Curt Wilson
Now in RF: Félix González
Batting: RHB Rodrigo Pagán 0-0: Called Strike
0-1: SINGLE (Groundball, 56D)
Batting: RHB Noel Wells 0-0: Ball
1-0: Fly out, F7 (Flyball, 7D)
Pitching: LHP Travis Grant
Batting: RHB Jeffery Campbell 0-0: Ball
1-0: Ball
Wild Pitch!
Rodrigo Pagán to second
2-0: Ground out 5-3 (Groundball, 56)
Pinch Hitting: RHB Robert Hill 0-0: Ball
1-0: Called Strike
1-1: Foul Ball, location: 2F
1-2: Strikes out looking
Bottom of the 7th over - 0 run(s), 1 hit(s), 0 error(s), 1 left on base; Hialeah 6 - Hamilton 5
TOP OF THE 8TH
Hialeah Dodos batting - Pitching for Hamilton Coyotes : RHP King Fletcher
Pitching: LHP Reynaldo Sánchez
Now in RF: Robert Hill
Batting: RHB Stephen McManus 0-0: Ball
1-0: Called Strike
1-1: Foul Ball, location: 2F
1-2: Strikes out swinging
Batting: RHB Gerardo Espinoza 0-0: Ground out 6-3 (Groundball, 6)
Batting: RHB Jorge Salgado 0-0: Ball
1-0: Called Strike
1-1: SINGLE (Groundball, 4MD)
Batting: SHB Luis Manuel Flores 0-0: Ball
1-0: Ball
2-0: Called Strike
2-1: SINGLE (Line Drive, 5D)
Jorge Salgado to second
Batting: RHB Lorenzo Ramírez 0-0: Ball
1-0: Ball
2-0: SINGLE (Line Drive, 9LS)
Jorge Salgado to third
Luis Manuel Flores to second
Runner from 3rd tries for Home, SAFE, no throw
Batting: LHB Scott Janousek 0-0: Ball
1-0: Fly out, F9 (Flyball, 9LDF)
Top of the 8th over - 1 run(s), 3 hit(s), 0 error(s), 2 left on base; Hialeah 7 - Hamilton 5
BOTTOM OF THE 8TH
Hamilton Coyotes batting - Pitching for Hialeah Dodos : LHP Travis Grant
Batting: SHB Al Anderson 0-0: Ball
1-0: Foul Ball, location: 2F
1-1: Ground out 4-3 (Groundball, 4M)
Batting: RHB Robbie Roach 0-0: SINGLE (Line Drive, 8LS)
Pitching: RHP Horace McKenzie
Batting: RHB Elia Amberezzio 0-0: Foul Ball, location: 2F
0-1: Ball
1-1: Swinging Strike
1-2: Hit by Pitch
Robbie Roach to second
Pitching: LHP Dalton García
Pinch Hitting: RHB Francisco Morales 0-0: Fly out, F3 (Line Drive, 3)
Pitching: RHP César Galló
Batting: RHB Juanito González 0-0: Ball
1-0: Called Strike
1-1: Called Strike
1-2: SINGLE (Line Drive, 56D)
Robbie Roach to third
Elia Amberezzio to second
Runner from 3rd tries for Home, SAFE, no throw
Pinch Hitting: SHB Martín Marrero 0-0: Ball
1-0: Ball
2-0: Called Strike
2-1: DOUBLE (Line Drive, 5D)
Elia Amberezzio scores
Juanito González to third
Runner from 3rd tries for Home, SAFE, no throw
Batting: RHB Noel Wells 0-0: Ball
1-0: Ball
2-0: Ground out 6-3 (Groundball, 56)
Bottom of the 8th over - 3 run(s), 3 hit(s), 0 error(s), 1 left on base; Hialeah 7 - Hamilton 8
TOP OF THE 9TH
Hialeah Dodos batting - Pitching for Hamilton Coyotes : LHP Reynaldo Sánchez
Pitching: RHP Norberto Flores
Now at C: Jesús Soto
Now at 1B: Manuel Sánchez
Now at 3B: Dan Bernard
Now in CF: Howard Fewell
Batting: LHB Errol Levick 0-0: Ball
1-0: Foul Ball, location: 2F
1-1: Fly out, F9 (Flyball, 9S)
Batting: LHB Félix González 0-0: Ground out U3 (Groundball, 34S)
Batting: LHB Curt Wilson 0-0: Ball
1-0: Called Strike
1-1: Ball
2-1: Ball
3-1: Swinging Strike
3-2: Strikes out swinging
Top of the 9th over - 0 run(s), 0 hit(s), 0 error(s), 0 left on base; Hialeah 7 - Hamilton 8
Wednesday, August 30th, 2017 - OOTP Baseball 17.12 Build 75